 Dungeon Crawl Stone Soup version 0.20-a0-537-g052e6ba (webtiles) character file.

76 unrecovered the Skirmisher (level 4, -1/44 HPs)
             Began as a Naga Fighter on Jan 29, 2017.
             Slain by sand's ghost (9 damage)
             ... on level 3 of the Dungeon.
             The game lasted 00:04:00 (1609 turns).

unrecovered the Skirmisher (Naga Fighter)           Turns: 1609, Time: 00:04:01

Health: -1/44      AC:  7    Str: 25    XL:     4   Next: 32%
Magic:  4/4        EV:  5    Int:  8    God:
Gold:   113        SH:  9    Dex: 10    Spells: 3/3 levels left

rFire    . . .     SeeInvis +   a - +0 war axe
rCold    . . .     Gourm    .   b - +0 scale mail
rNeg     . . .     Faith    .   c - +0 shield
rPois    +         Spirit   .   (no helmet)
rElec    +         Reflect  .   (no cloak)
rCorr    .         Harm     .   (no gloves)
MR       .....                  (no barding)
Stlth    +.........             (no amulet)
Regen    0.2/turn               (no ring)
                                r - +3 ring of protection

@: mighty, very slow
A: see invisible, deformed body, poison resistance, screaming 2, electricity
resistance, slowness 2, slow metabolism 1, spit poison 1, AC +1
a: Spit Poison


You were on level 3 of the Dungeon.
You were hungry.

You visited 1 branch of the dungeon, and saw 3 of its levels.

You collected 113 gold pieces.

Inventory:

Hand Weapons
 a - a +0 war axe (weapon)
Armour
 b - a +0 scale mail (worn)
 c - a +0 shield (worn)
Jewellery
 r - a +3 ring of protection (left hand)
 s - an uncursed ring of flight {unknown}
Scrolls
 e - 3 scrolls of teleportation {unknown}
 h - 3 scrolls of identify {unknown}
 l - a scroll of magic mapping {unknown}
 m - a scroll of enchant armour {unknown}
 o - 2 scrolls of recharging {unknown}
 t - a scroll of remove curse {unknown}
Potions
 g - a potion of mutation
 i - a potion of curing {unknown}
 j - 3 potions of degeneration {unknown}
 p - a potion of berserk rage {unknown}
 q - 2 potions of haste {unknown}
Comestibles
 f - a bread ration
 k - a meat ration


   Skills:
 + Level 3.9 Fighting
 + Level 2.8 Axes
 - Level 2.4 Armour
 + Level 3.1 Stealth
 + Level 2.5 Shields


You had 3 spell levels left.
You didn't know any spells.

Dungeon Overview and Level Annotations

Branches:
Dungeon (3/15)

Altars:

Annotations:
D:3 sand's ghost, amateur GrGl


Innate Abilities, Weirdness & Mutations

You cannot wear boots.
Your serpentine skin is tough. (AC +1)
You have supernaturally acute eyesight. (SInv)
Armour fits poorly on your strangely shaped body.
Your system is resistant to poisons. (rPois)
You cover ground very slowly.
You have a slow metabolism.
You can spit poison.
You sometimes yell uncontrollably at your foes.
You are resistant to electric shocks. (rElec)


Message History

You barely miss sand's ghost.
Sand's ghost is lightly damaged.
Sand's ghost hits you but does no damage.
You completely miss sand's ghost.
Sand's ghost is lightly damaged.
Sand's ghost hits you. Sand's ghost hits you!
You feel very mighty all of a sudden. Sand's ghost hits you.
It was a potion of mutation.
You feel extremely strange.
You feel the urge to shout.
You feel a strong urge to yell.
You feel insulated. You block sand's ghost's attack.
You closely miss sand's ghost.
Sand's ghost is lightly damaged.
You block sand's ghost's attack.
You hit sand's ghost.
Sand's ghost is moderately damaged.
Sand's ghost hits you!
* * * LOW HITPOINT WARNING * * *
Sand's ghost hits you!
You die...

.# ######.#
#.# #......#
#.# ##.#######
#.# #..W@.†..#
#.######
#..#####.#
#.#..... #..#
#.#####.#.####
#.######..##
#.........#
#..........#
######..######
#........#.#
#...........
#.###..###.#
#.##.#######
#.. #.# # #.#
#.. #S# ..#


You could see sand's ghost.

Vanquished Creatures
  An adder (D:2)
  An ooze (D:1)
  3 worms (D:2)
  A dart slug (D:2)
  3 leopard geckos
  10 bats
  2 giant cockroaches
  6 goblins
  4 hobgoblins
  2 jackals (D:1)
  4 kobolds
  A quokka (D:3)
  3 frilled lizards
  5 rats
46 creatures vanquished.

Notes
Turn   | Place    | Note
-------+----------+-------------------------------------------
     0 | D:1      | unrecovered the Naga Fighter began the quest for the Orb.
     0 | D:1      | Reached XP level 1. HP: 21/21 MP: 1/1
    97 | D:1      | Reached skill level 1 in Stealth
    97 | D:1      | Reached XP level 2. HP: 19/28 MP: 2/2
   433 | D:1      | Reached XP level 3. HP: 28/34 MP: 3/3
  1118 | D:2      | Reached XP level 4. HP: 31/44 MP: 4/4
  1596 | D:3      | Noticed sand's ghost (amateur GrGl)
  1607 | D:3      | Gained mutation: You occasionally shout uncontrollably at your foes. [potion of mutation]
  1607 | D:3      | Gained mutation: You sometimes yell uncontrollably at your foes. [potion of mutation]
  1607 | D:3      | Gained mutation: You are resistant to electric shocks. (rElec) [potion of mutation]
  1609 | D:3      | Slain by sand's ghost

Vault maps used:
D:1:      minmay_arrival_five_plusses
D:3:      fedhas_altar_3, first_bread

Skill      XL: |  1  2  3 |
---------------+----------+-----
Stealth        | 1 2 3 |  3.1
Fighting       | |  3.9
Axes           | |  2.8
Armour         | |  2.4
Shields        | |  2.5

Action                   |  1- 3 |  4- 6 || total
-------------------------+-------+-------++-------
Melee: War axe           |   107 |    34 ||   141
 Abil: Spit Poison       |       |     1 ||     1
  Use: Potion            |       |     2 ||     2
  Eat: Chunk             |       |     1 ||     1
Armor: Scale mail        |    50 |    15 ||    65
Dodge: Dodged            |    32 |     7 ||    39
Block: Shield            |    62 |    18 ||    80
